Workbook
Name _ftn1: 'Volet 2'!#REF!
Name _ftnref1: 'Volet 2'!#REF!
Name _Toc362247096: 'page de garde'!#REF!
Name _Toc362247096: 'Volet 1'!#REF!
Name _Toc362247099: 'page de garde'!#REF!
Name _Toc362247099: 'Volet 1'!$C$21
Name _Toc362247107: 'page de garde'!#REF!
Name _Toc362247107: 'Volet 1'!$C$30

Sheet page de garde
D2: Questionnaire d'informations Request for Information | F2: Document Confidentialité | G2: AC33 V.I C0
D3: Fournisseur | F3: Dernière Mise à jour : Last update : | G3: 46265
C6: DATE | D6: Modification | E6: IND. | F6: REDIGE PAR | G6: VERIFIE PAR
C7: 45553 | D7: Intégration en §5 de questions sur la sécurité informatique | E7: H | F7: Y LEFLOCH | G7: B GARDE
C8: 46265 | D8: Intégration en §6 de questions sur la RSE | E8: I | F8: M SOULARD | G8: Y LEFLOCH

Sheet Volet 1
B2: #VALUE! | D2: AC33 Questionnaire d'informations Request for Information | F2: Contact Tronico : Tronico contact: | G2: Nom Prenom
D3: Fournisseur | F3: Dernière Mise à jour : Last update: | G3: Date
B5: Contact fournisseur - Ce formulaire a été complété par : Supplier contact – This questionnaire has been completed by:
B6: Nom, prénom / Name, First Name : Last name, first name :
B7: Fonction / Function :
B8: Téléphone / Phone :
B9: E-mail :
B11: Siège Social : Head Office:
B12: Adresse / Address :
B13: Directeur Général / CEO :
B14: Directeur commercial / Sales director :
B15: Téléphone / Phone :
B16: E-mail :
A18: N° Thème | B18: Item No. | C18: Questions / Questions asked | E18: YES / NO | F18: Commentaires / Comments
B19: INFORMATIONS GENERALES / GENERAL INFORMATION | J19: Impactant (Décision Acheteur/AQF)
A20: 1 | B20: 1-1 | C20: Êtes-vous intégré à un groupe ? Lequel ? Are you part of a group? Which one? | H20: =IF(E20="YES",1,0) * I20 -> 0 | I20: =IF(J20="YES",1,0) -> 1 | J20: YES
A21: 1 | B21: 1-2 | C21: Avez-vous un actionnaire majoritaire ? Do you have a majority shareholder? | H21: =IF(E21="YES",1,0) * I21 -> 0 | I21: 1
A22: 1 | B22: 1-3 | C22: Est-ce que votre chiffre d'affaires est stable ou croissant sur les 3 dernières années ? (communiquer le détail) Is your turnover stable or growing over the last 3 years? (communicate your details) | H22: =IF(E22="YES",1,0) * I22 -> 0 | I22: 1
A23: 2 | B23: 1-4 | C23: Avez-vous un secteur d'activité représentant plus de 30% de votre chiffre d'affaires ? (communiquer le détail) Do you have an activity representing more than 30% of your turnover? (communicate your details) | H23: =IF(E23="NO",1,0) * I23 -> 0 | I23: 1
A24: 2 | B24: 1-5 | C24: Avez-vous un client représentant plus de 20% de votre chiffre d'affaires ? Do you have a customer representing more than 20% of your turnover? | H24: =IF(E24="NO",1,0) * I24 -> 0 | I24: 1
A25: 1 | B25: 1-6 | C25: Consacrez-vous plus de 5% du CA pour les investissements par an sur ces 3 dernières années ? Do you dedicate more than 5% of turnover for investments per year over the last 3 years? | H25: =IF(E25="YES",1,0) * I25 -> 0 | I25: 1
A26: 1 | B26: 1-7 | C26: Votre notation à la Banque de France est-elle inférieure ou égale à 4 ? Communiquer la note obtenue Is your rating at the Banque de France less than or equal to 4? Communicate your rating obtained | H26: =IF(E26="YES",1,0) * I26 -> 0 | I26: 1
A27: 1 | B27: 1-8 | C27: Possédez-vous un système de gestion informatique? Si oui, lequel (ERP, GPAO …) ? Do you own a computer management system? If so, which one (ERP, GPAO ...)? | H27: =IF(E27="YES",1,0) * I27 -> 0 | I27: 1
A28: 1 | B28: 1-9 | C28: Effectif et organisation générale de l’entreprise / Fournir l'organigramme Workforce and general organization of the company / Provide the organizational chart.
A29: 1 | B29: 1-10 | C29: Quelles sont les technologies cibles ? What are the target technologies?
A30: 2 | B30: 1-11 | C30: Typologie de production / Typology of production :
C31: Prototype | H31: =IF(E31="YES",1,0) * I31 -> 0 | I31: 1
C32: Petite série / Low volume | H32: =IF(E32="YES",1,0) * I32 -> 0 | I32: 1
C33: Moyenne série / Medium volume | H33: =IF(E33="YES",1,0) * I33 -> 0 | I33: 1
C34: Grande série / High volume | H34: =IF(E34="YES",1,0) * I34 -> 0 | I34: =IF(J34="YES",1,0) -> 1 | J34: YES
A37: N° Thème | B37: Item No. | C37: Questions / Questions asked | E37: YES / NO | F37: Commentaires / Comments
B38: QUALITE / QUALITY
A39: 3 | B39: 2-1 | C39: Certifications :
C40: ISO 9001 | H40: =IF(E40="YES",1,0) * I40 -> 0 | I40: 1
C41: ISO 14001 | H41: =IF(E41="YES",1,0) * I41 -> 0 | I41: =IF(J41="YES",1,0) -> 0 | J41: NO
C42: ISO 13485 | H42: =IF(E42="YES",1,0) * I42 -> 0 | I42: =IF(J42="YES",1,0) -> 1 | J42: YES
C43: AS/EN 9100 | H43: =IF(E43="YES",1,0) * I43 -> 0 | I43: =IF(J43="YES",1,0) -> 1 | J43: YES
C44: NADCAP | H44: =IF(E44="YES",1,0) * I44 -> 0 | I44: =IF(J44="YES",1,0) -> 1 | J44: YES
C45: ISO 27001 (Si non, voir complément dans §5 / If not, see supplement in §5)
C46: Autres (Merci d'indiquer la certification) Other (Please indicate the certification)
A47: 4 | B47: 2-2 | C47: Disposez-vous d'indicateurs de performance clients (qualité, ponctualité) ? Do you have customer performance indicators (quality, delay)? | H47: =IF(E47="YES",1,0) * I47 -> 0 | I47: 1
A48: 4 | B48: 2-3 | C48: Votre ponctualité globale client est-elle supérieure ou égale à 95%? Si non, quelle est votre ponctualité ? Is your overall customer punctuality greater than or equal to 95%? If not, what is your punctuality? | H48: =IF(E48="YES",1,0) * I48 -> 0 | I48: 1
A49: 4 | B49: 2-4 | C49: Votre performance qualité client est-elle inférieure à 3000 ppm? Si non, quelle est votre performance qualité ? Is your customer quality performance below 3000 ppm? If not, what is your quality performance? | H49: =IF(E49="YES",1,0) * I49 -> 0 | I49: 1
A50: 4 | B50: 2-5 | C50: Effectuez-vous une traçabilité informatique des articles au lot ? Do you carry out a computerized traceability of items per the lot? | H50: =IF(E50="YES",1,0) * I50 -> 0 | I50: 1
A51: 4 | B51: 2-6 | C51: L’archivage des documents est-il informatisé ? Is the archiving of documents computerized? | H51: =IF(E51="YES",1,0) * I51 -> 0 | I51: 1
A52: 4 | B52: 2-7 | C52: Avez-vous des procédés spéciaux ? Lesquels ? Do you have special processes? Which ones? | H52: =IF(E52="YES",1,0) * I52 -> 0 | I52: 1
A53: 4 | B53: 2-8 | C53: Avez-vous un processus pour la qualification des processus spéciaux ? Do you have a process for qualification of special processes? | H53: =IF(E53="YES",1,0) * I53 -> 0 | I53: 1
A54: 4 | B54: 2-9 | C54: Les non-conformités sont elles enregistrées et les actions sont elles suivies ? Are nonconformities recorded and are actions monitored? | H54: =IF(E54="YES",1,0) * I54 -> 0 | I54: 1
B55: 2-10 | C55: Disposez-vous d’un mode de gestion spécifique pour les données sensibles permettant d’en maîtriser l’utilisation et l’accès ? Do you have a specific management mode for sensitive data to control its use and access? (Cf Instructions Interministérielles n°1300 sur la Protection du Secret de la Défense Nationale et n°901 relative à la protection des systèmes d’informations sensibles) Données «CD» Confidentiel Défense, «DR» Diffusion Restreinte, «SF» Spécial France ... | H55: =IF(E55="YES",1,0) * I55 -> 0 | I55: 1
A57: N° Thème | B57: Item No. | C57: Questions / Questions asked | E57: YES / NO | F57: Commentaires / Comments
B58: SUPPLY CHAIN
A59: 5 | B59: 3-1 | C59: Les spécifications clients sont-elles vérifiées lors de la revue de contrat ? Are customer specifications checked during the contract review? | H59: =IF(E59="YES",1,0) * I59 -> 0 | I59: 1
A60: 5 | B60: 3-2 | C60: Avez-vous un objectif d'émission d'AR au client ? Do you have a goal for order acknowledgements to the customer? | H60: =IF(E60="YES",1,0) * I60 -> 0 | I60: 1
A61: 5 | B61: 3-3 | C61: L’ERP permet-il de gérer les prévisionnels des clients ? Is ERP used to manage customer forecasts? | H61: =IF(E61="YES",1,0) * I61 -> 0 | I61: 1
A62: 5 | B62: 3-4 | C62: Un CBN est-il réalisé par l’ERP ? À quelle fréquence est-il mis à jour? Is an MRP generated by the ERP? How often is it updated? | H62: =IF(E62="YES",1,0) * I62 -> 0 | I62: 1
A63: 5 | B63: 3-5 | C63: Avez-vous un management de charge/capacité (PIC/PDP) ? Do you have charge/capacity management (PIC/PDP)? | H63: =IF(E63="YES",1,0) * I63 -> 0 | I63: 1
A64: 6 | B64: 3-6 | C64: Existe-t-il une fonction achat/approvisionnement ? Is there a purchase/supply function? | H64: =IF(E64="YES",1,0) * I64 -> 0 | I64: 1
A65: 6 | B65: 3-7 | C65: Sous-traitez-vous des activités ? Si oui, lesquelles ? Do you subcontract any activities? If so, which ones? | H65: =IF(E65="NO",1,0) * I65 -> 0 | I65: 1
A66: 6 | B66: 3-8 | C66: Suivez-vous la performance des fournisseurs ? À quelle fréquence ? Do you monitor supplier performance? How often? | H66: =IF(E66="YES",1,0) * I66 -> 0 | I66: 1
A67: 6 | B67: 3-9 | C67: Quelles sont les performances qualité et ponctualité de vos fournisseurs ? What are performance of the quality and on-time delivery performance of your suppliers?
A69: N° Thème | B69: Item No. | C69: Questions / Questions asked | E69: YES / NO | F69: Commentaires / Comments
B70: INDUSTRIALISATION , CO-DESIGN
A71: 7 | B71: 4-1 | C71: Avez-vous mis en place un service dédié à la conception et au développement de nouveaux produits ? Do you have a dedicated department for design and new product development? | H71: =IF(E71="YES",1,0) * I71 -> 0 | I71: =IF(J71="YES",1,0) -> 1 | J71: YES
A72: 7 | B72: 4-2 | C72: Avez-vous mis en place un service industrialisation ? Do you have an industrialization department? | H72: =IF(E72="YES",1,0) * I72 -> 0 | I72: =IF(J72="YES",1,0) -> 1 | J72: YES
A73: 7 | B73: 4-3 | C73: Lors d'une évolution client, assurez-vous une traçabilité de la modification ? At a customer product evolution, do you realize a traceability of the modification? | H73: =IF(E73="YES",1,0) * I73 -> 0 | I73: 1
A74: 7 | B74: 4-4 | C74: Avez-vous une gestion des PCN pour les composants standards ? Do you have PCN management for standard components? | H74: =IF(E74="YES",1,0) * I74 -> 0 | I74: =IF(J74="YES",1,0) -> 1 | J74: YES
A76: N° Thème | B76: Item No. | C76: Questions / Questions asked | E76: YES / NO | F76: Commentaires / Comments
B77: SECURITE DE L'INFORMATION / INFORMATION SECURITY
A78: 7 | B78: 5-1 | C78: Contact principal pour la sécurité de l'information / Main contact for information security : Durée de la relation entre nos entreprises / Duration of the relationship between our companies: | H78: =IF(E78="YES",1,0) * I78 -> 0 | I78: =IF(J78="YES",1,0) -> 1 | J78: YES
A79: 7 | B79: 5-2 | C79: Pouvez-vous fournir une copie de votre politique de sécurité de l'information ? Can you provide a copy of your information security policy? | H79: =IF(E79="YES",1,0) * I79 -> 0 | I79: =IF(J79="YES",1,0) -> 1 | J79: YES
A80: 7 | B80: 5-3 | C80: Avez-vous un contrôle des accès aux données sensibles interne/externe? Do you have a control access to internal/external sensitive data? | H80: =IF(E80="YES",1,0) * I80 -> 0 | I80: 1
A81: 7 | B81: 5-4 | C81: Avez-vous une politique de rotation régulière des mots de passe ? Do you have a policy for regular password rotation? | H81: =IF(E81="YES",1,0) * I81 -> 0 | I81: =IF(J81="YES",1,0) -> 1 | J81: YES
A82: 7 | B82: 5-5 | C82: Disposez-vous d'une équipe de réponse aux incidents en cas de violation de la sécurité ? Comment cela fonctionne-t-il ? Do you have an incident response team in case of a security breach? How does it work? | H82: =IF(E82="YES",1,0) * I82 -> 0 | I82: =IF(J82="YES",1,0) -> 1 | J82: YES
A83: 7 | B83: 5-6 | C83: Avez-vous testé vos procédures de récupération des données en cas de sinistre ? Have you tested your data recovery procedures in case of a disaster? | H83: =IF(E83="YES",1,0) * I83 -> 0 | I83: =IF(J83="YES",1,0) -> 1 | J83: YES
A84: 7 | B84: 5-7 | C84: Existe t-il des formations de sensibilisation à la sécurité obligatoires pour votre personnel ? Do you have mandatory safety awareness training for your employees? | H84: =IF(E84="YES",1,0) * I84 -> 0 | I84: =IF(J84="YES",1,0) -> 1 | J84: YES
A85: 7 | B85: 5-8 | C85: Avez-vous mené une évaluation des risques de sécurité de l'information au cours de l'année écoulée ? Have you conducted an information security risk assessment in the past year? | H85: =IF(E85="YES",1,0) * I85 -> 0 | I85: =IF(J85="YES",1,0) -> 1 | J85: YES
A86: 7 | B86: 5-9 | C86: Avez-vous obtenu des certifications ou des audits de sécurité de tierces parties ? Have you obtained any third-party security certifications or audits? | H86: =IF(E86="YES",1,0) * I86 -> 0 | I86: =IF(J86="YES",1,0) -> 1 | J86: YES
A87: 7 | B87: 5-10 | C87: Avez-vous des clauses de sécurité de l'information dans vos contrats avec les sous-traitants, et comment surveillez-vous leur conformité ? Do you have information security clauses in your contracts with subcontractors, and how do you monitor their compliance? | H87: =IF(E87="YES",1,0) * I87 -> 0 | I87: =IF(J87="YES",1,0) -> 1 | J87: YES
A88: 7 | B88: 5-11 | C88: Avez-vous des tests de sécurité réguliers pour vos applications web ? Do you conduct regular security tests for your web applications? | H88: =IF(E88="YES",1,0) * I88 -> 0 | I88: =IF(J88="YES",1,0) -> 1 | J88: YES
A90: N° Thème | B90: Item No. | C90: Questions / Questions asked | E90: YES / NO | F90: Commentaires / Comments
B91: RSE / CSR
A92: 7 | B92: 6-1 | C92: Disposez-vous d’une politique environnementale formalisée ? Do you have a formal environmental policy? | H92: =IF(E92="YES",1,0) * I92 -> 0 | I92: =IF(J92="YES",1,0) -> 1 | J92: YES
A93: 7 | B93: 6-2 | C93: Avez-vous une politique sur les droits humains et les conditions de travail ? Do you have a policy on human rights and labour conditions? | H93: =IF(E93="YES",1,0) * I93 -> 0 | I93: =IF(J93="YES",1,0) -> 1 | J93: YES
B94: 6-3 | C94: Disposez-vous d’un code de conduite éthique ? Do you have an ethical code of conduct? | H94: =IF(E94="YES",1,0) * I94 -> 0 | I94: 1 | J94: YES
B95: 6-4 | C95: Avez-vous une politique d’achats responsables formalisée ? Do you have a formal responsible purchasing policy? | H95: =IF(E95="YES",1,0) * I95 -> 0 | I95: =IF(J95="YES",1,0) -> 1 | J95: YES
B96: 6-5 | C96: Êtes-vous évalué par EcoVadis ? Si oui, quelle est votre dernière note globale et vos notes par thèmes (Environnement, Social & Droits Humains, Éthique, Achats Responsables) ? Are you assessed by EcoVadis? If so, what is your latest overall score and your scores by themes (Environment, Labor & Human Rights, Ethics, Sustainable Procurement)? | H96: =IF(E96="YES",1,0) * I96 -> 0 | I96: =IF(J96="YES",1,0) -> 1 | J96: YES
D98: Thèmes abordés (Calcul pour AC48) | F98: Risque (%)
A99: 1 | D99: Management & Strategy | F99: =100-100*SUM(H20:H22,H25:H27,H23:H24,H31:H34)/SUM(I20:I22,I25:I27,I23:I24,I31:I34) -> 100
A100: 3 | D100: Quality & risks management | F100: =100-100*SUM(H40:H44,H47:H51,H53:H54)/SUM(I40:I44,I47:I51,I53:I54) -> 100
A101: 5 | D101: Supply management | F101: =100-100*SUM(H59:H63)/SUM(I59:I63) -> 100
A102: 6 | D102: Supplier management | F102: =100-100*SUM(H64:H66)/SUM(I64:I66) -> 100
A103: 7 | D103: Industrialization & design | F103: =100-100*SUM(H71:H74)/SUM(I71:I74) -> 100
D104: Information Security | F104: =100-100*SUM(H77:H87)/SUM(I77:I87) -> 100
D105: RSE / CSR | F105: =100-100*SUM(H92:H96)/SUM(I92:I96) -> 100

Sheet Volet 2
B2: #VALUE! | D2: AC33 Questionnaire d'informations Request for Information | F2: Contact Tronico : Tronico contact: | G2: ='Volet 1'!G2 -> Nom Prenom
D3: ='Volet 1'!D3:E3 -> Fournisseur | F3: Dernière Mise à jour : Last update: | G3: ='Volet 1'!G3 -> Date
B5: Contact fournisseur - Ce formulaire a été complété par : Supplier contact – This questionnaire has been completed by:
B6: Nom, prénom / Name, First Name : Last name, first name : | D6: ='Volet 1'!D6:G6 -> 0
B7: Fonction / Function : | D7: ='Volet 1'!D7:G7 -> 0
B8: Téléphone / Phone : | D8: ='Volet 1'!D8:G8 -> 0
B9: E-mail : | D9: ='Volet 1'!D9:G9 -> 0
B11: INFORMATIONS SUR LA SOCIETE
B12: Raison sociale
B13: Forme juridique
B14: Numéro d'imatriculation
B15: Date d'immatriculation
B16: Siège social
B17: Site internet
B18: Adresse email | D18: ='Volet 1'!D12:G12 -> 0
B19: Numéro de téléphone
B20: Numéro de fax
B21: Domaines d'activité
B22: Capital social
B23: REPRESENTANT LEGAL
B24: Nom et Prénom | D24: ='Volet 1'!D13:G13 -> 0
B25: Date et lieu de naissance
B26: Natonialité(s)
B27: Fonction
B29: INFORMATIONS SUR L'ACTIONNARIAT
B30: STRUCTURE DE L'ACTIONNARIAT
B31: Entreprise publique (100%)
B32: Société privée avec un actionnaire majoritaire public
B33: Société privée non cotée en bourse
B34: Société privée avec un actionnaire minoritaire public
B35: Société privée cotée en bourse
B36: Indiquer ci-dessous la composition des participations de la société (personnes physiques et/ou entités commerciales en remontant jusqu’au bénéficiaire ultime (personne physique).
B37: ACTIONNARIAT : A LA DATE DE SIGNATURE DU QUESTIONNAIRE
B38: Actionnaires / Détenteurs | D38: Nationalité (s) | E38: Position | F38: % de participation
B44: PRINCIPAUX DIRIGEANTS DE LA SOCIETE
B45: Nom, prénom et fonction | E45: Nationalité(s)
B49: L'un de vos actionnaires ou dirigeants est-il ?
C51: une personne politique exposée (PEP)1 | K51: 1 Cf. Annexe du questionnaire
C52: un agent public ou une Entité publique
B53: Si oui, veuillez mentionner ci-dessous le nom des personnes concernées (utiliser une feuille séparée si besoin) :
B54: ……………………………………………………………
B56: L’un de vos directeurs ou actionnaires a-t-il un poste de direction ou une participation dans une autre société (est-ce une Entreprise publique?)
C57: Oui
C58: Non
B59: Si oui, veuillez indiquer le nom et la fonction des personnes concernées et le nom de la/des société(s) concernée(s) (utiliser une feuille séparée si besoin) :
B60: ……………………………………………………………
B63: INFORMATIONS FINANCIERES
B64: Exercice fiscal | D64: Chiffre d'affaires consolidé (EUR) | E64: Résultat net (EUR)
B65: N-1
B66: N-2
B67: N-3
B69: Avez-vous déjà été en défaut de paiement ou placé sous contrôle judiciaire ?
C70: Oui
C71: Non
B72: Si tel est le cas, veuillez préciser le statut et les dates de la procédure passée ou en cours, et son résultat.
B73: ……………………………………………………………
B80: PRINCIPAUX SOUS-TRAITANTS DU PARTENAIRE POTENTIEL POUR LE PROJET
B81: Nom et adresse | D81: Numéro et lieu d'immatriculation | E81: Objet du contrat | F81: Durée du contrat | G81: Part sous-traitée du projet (%)
B89: CONTACTS DU PARTENAIRE POTENTIEL DANS LE CADRE DU PROJET AVEC AGON
D90: CONTACT 1 | F90: CONTACT 2
B91: Nom
B92: Prénom(s)
B93: Date de naissance
B94: Nationalité(s)
B95: Email
B96: Parcours professionnel en lien avec le projet proposé
B98: ETHIQUE
B99: Votre société dispose-t-elle de codes, procédures ou politiques en lien avec l’éthique des affaires, le respect des lois anti-corruption, les cadeaux et invitations ? | F99: OUI | G99: NON
B100: Votre société (ou une entité affiliée), un dirigeant (ou representant) actuel ou passé, ont-ils fait l’objet d’une suspension d’activité commerciale, d’une enquête ou d’une condamnation pour les infractions suivantes :
F101: OUI | G101: NON
D103: - Abus de confiance
D104: - Abus de biens sociaux
D105: - Blanchiment d'argent
D106: - Conflit d'intérêt
D107: - Détournement de fonds
D108: - Fraude à la règlementation Export control
D109: - Prise illégale d'intérêts
D110: - Recel
D111: - Trafic d'influence
B113: LISTE DES DOCUMENTS A FOURNIR (veuillez fournir une traduction en français ou en anglais de tout document qui ne serait dans une de ces lanques)
B114: □ Document à jour attestant l’enregistrement, la création ou de la constitution de la société (Kbis ou autre). □ Les 3 derniers rapports annuels si disponibles et les 3 derniers rapports financiers audités (ou certifiés). □ Organigramme □ Documents relatifs à l’éthique des affaires, au respect des lois anti-corruption, à la politique en matière de cadeaux et invitations reçus ou donnés par la société.
B116: DECLARATIONS ET GARANTIES
B117: PARTENAIRE POTENTIEL
B118: Le partenaire potentiel: □ Déclare et garantit à AGON que toutes les informations et données fournies dans ce questionnaire sont vraies, à jour, cohérentes et conformes à la réalité, et qu’elles donnent une juste représentation de la situation du partenaire potentiel ; □ S’engage à effectuer toutes les mises à jour nécessaires de ce questionnaire et à informer sans délai le représentant d’AGON de tout changement de situation après la date de signature du questionnaire. AGON se réserve le droit d’effectuer toute investigation interne(s) ou externe(s) jugée(s) nécessaire(s) aux fins de vérifier les informations déclarées par le partenaire potentiel. □ Reconnaît et accepte expressément qu’AGON prendra en compte les informations contenues dans ce questionnaire avant de conclure tout accord avec le partenaire potentiel et que toute fausse déclaration autorisera AGON à se désister ou à résilier tout accord ou contrat qui a pu être conclu avec le partenaire potentiel, et ce sans pour autant que le partenaire potentiel puisse prétendre à une quelconque indemnisation.
B119: AGON
B120: AGON utilisera les informations collectées dans ce questionnaire uniquement dans le cadre de la relation contractuelle avec le partenaire potentiel faisant l’objet de cet exercice de Due Diligence et sera libre de contracter ou non avec lui. Les données recueillies par AGON seront traitées selon les lois françaises et européennes relative à la protection des données (telles que notamment le Règlement UE 2016/679 et la loi n°78-17 de Janvier 1978 relative à l’informatique, aux fichiers et la liberté). La signature de ce questionnaire par le représentant légal du partenaire potentiel confirme qu’il ou elle a reçu l’accord préalable des personnes concernées pour la transmission de leurs données personnelles et qu’il ou elle est informé(e) que le traitement de ces données peut être réalisé par un tiers soumis à une confidentialité absolue et au strict respect des lois en vigueur.
B122: SIGNATURE DU QUESTIONNAIRE
B124: Lieu : | F124: Date :
B130: Nom, prénom et fonction du représentant légal du partenaire potentiel :
B131: ……………………………………………..
B135: Au cas où le representant legal n’est pas le signataire du questionnaire, veuillez fournir une délégation de pouvoir du representant legal donnant pouvoir au signataire du présent questionnaire).

Sheet Annexe Volet2
A2: ANNEXE 1 PERSONNES POLITIQUEMENT EXPOSEES (PPE)
A4: □ Définition de la notion de PPE : La quatrième directive anti-blanchiment (UE) 2015/849 du 20 mai 2015 et les dispositions de l’article L. 561-10 2° du Code monétaire et financier définissent les PPE comme des personnes qui exercent, ou ont cessé d’exercer depuis moins d’un an, des fonctions politiques, juridictionnelles ou administratives pour le compte de la France, d’un Etat étranger ou d’une organisation internationale, ainsi que leurs proches. □ Les fonctions concernées2 - Chef d’Etat, chef de gouvernement, membre d’un gouvernement national ou de la Commission européenne ; - Membre d’une assemblée parlementaire nationale (député comme sénateur) ou du Parlement européen, dirigeant d’un parti politique ; - Magistrat de la Cour de Cassation, conseiller d’Etat et membre du Conseil Constitutionnel ou leurs équivalents à l’étranger ; - Magistrat de la Cour des comptes ou leurs équivalents à l’étranger ; - Dirigeant ou membre de l’organe de direction d’une banque centrale ; - Ambassadeur ou chargé d’affaires ; - Officier général, ou officier supérieur assurant le commandement d’une armée ; - Membre d’un organe d’administration, de direction ou de surveillance d’une entreprise publique exerçant son activité au niveau national ; - Directeur, directeur adjoint, membre du conseil d’une organisation internationale. □ Les proches concernés3 - Les membres directs de la famille des PPE, notamment : o Le conjoint (peu importe la nature de l’alliance) ; o Les enfants, ainsi que leur conjoint ; o Les parents. - Les personnes étroitement associées aux PPE, notamment dans le cadre d’une société ou structure juridique (fiducie ou trust) ou entretenant un lien d’affaires (commercial ou économique étroit).
A5: 2 Cf. Article R. 561-18 I du Code monétaire et financier transposé de l’article 3 §9 de la directive (UE) 2015/849 3 Cf. Article R. 561-18 II du Code monétaire et financier transposé de l’article 3 §10 et §11 de la directive (UE) 2015/849
